 Dungeon Crawl Stone Soup version 0.30-b1-2-g02819fbbbe (webtiles) character file.

Game seed: 16090075090820672497

8831 AncientFaroe the Thaumaturge (level 11, -4/67 HPs)
             Began as a Djinni Fire Elementalist on Sept 15, 2023.
             Was a Follower of Makhleb.
             Slain by Snorg (16 damage)
             ... on level 10 of the Dungeon.
             The game lasted 01:18:40 (9678 turns).

AncientFaroe the Thaumaturge (DjFE)                 Turns: 9678, Time: 01:18:41

Health: -4/67      AC: 10    Str:  7    XL:     11   Next: 63%
Gold:   455        EV: 13    Int: 21    God:    Makhleb [*.....] SH:  0 Dex: 14

rFire   + + .        (no weapon)
rCold   x . .        (no shield)
rNeg    . . .        a - +2 robe {Will+}
rPois   ∞            r - +0 hat
rElec   .            m - +0 cloak
rCorr   .            e - +0 pair of gloves
SInv    +            (boots unavailable)
Will    ++...        (no amulet)
Stlth   ++           u - +4 ring of protection
HPRegen 0.31/turn    w - ring of see invisible
MPRegen 0.00/turn

%: infuse magic (-5 HP)
@: swift, flying, studying Unarmed Combat, very quick
A: sickness immunity, fire resistance 2, cold vulnerability 1, float, innate
caster, HP casting, extra vitality 1
a: Renounce Religion


You were on level 10 of the Dungeon.
You worshipped Makhleb.
Makhleb was aware of your devotion.
You visited 2 branches of the dungeon, and saw 11 of its levels.

You collected 455 gold pieces.

Inventory:

Missiles
 s - 2 throwing nets
Armour
 a - a +2 robe of willpower (worn)
 e - a +0 pair of gloves (worn)
 m - a +0 cloak (worn)
 r - a +0 hat (worn)
 F - a +0 robe of positive energy
 G - +0 steam dragon scales
Jewellery
 u - a +4 ring of protection (left hand)
 w - a ring of see invisible (right hand)
 B - a ring of poison resistance
 I - a ring of protection from fire
Wands
 q - a wand of paralysis (5)
 A - a wand of mindburst (10)
 C - a wand of iceblast (8)
 D - a wand of flame (19)
Scrolls
 d - 3 scrolls of fear
 f - 2 scrolls of torment
 i - 4 scrolls of vulnerability
 j - 7 scrolls of teleportation
 l - a scroll of immolation
 v - a scroll of amnesia
 y - a scroll of blinking
 H - a scroll of fog {unknown}
Potions
 b - 2 potions of resistance
 c - 2 potions of magic
 g - 3 potions of degeneration
 h - 3 potions of brilliance
 k - 2 potions of might
 n - 2 potions of mutation {unknown}
 o - 3 potions of curing
 p - 2 potions of flight {unknown}
 t - 3 potions of cancellation
 x - a potion of attraction {unknown}
 z - a potion of experience {unknown}
 E - 2 potions of lignification {unknown}


   Skills:
 + Level 1.6 Fighting
 + Level 3.8 Dodging
 + Level 3.7 Stealth
 + Level 13.0 Spellcasting


You knew the following spells:

 Your Spells              Type           Power      Damage    Failure   Level
a - Foxfire               Conj/Fire      100%       2x1d9     1%          1
b - Scorch                Fire           100%       2d9       1%          2
c - Volatile Blastmotes   Fire/Tloc      100%       2d18      1%          3
d - Inner Flame           Hex/Fire       62%        N/A       1%          3
e - Flame Wave            Conj/Fire      62%        2d14      1%          4
f - Apportation           Tloc           100%       N/A       1%          1
g - Passwall              Tmut/Erth      51%        N/A       1%          2
h - Swiftness             Air            62%        N/A       1%          3
i - Call Canine Familiar  Summ           62%        N/A       1%          3
j - Freezing Cloud        Conj/Ice/Air   31%        6-21      1%          5
Your spell library was empty.

Dungeon Overview and Level Annotations

Branches:
Dungeon (10/15)            Temple (1/1) D:6
   Lair: D:8-11         Orc: D:9-12

Altars:
Ashenzari
Cheibriados
Fedhas
Gozag
Hepliaklqana
Makhleb
Qazlal
Ru
Trog
Uskayaw
Wu Jian
Xom
Yredelemnul
Zin
The Shining One

Annotations:
D:7 3 runed translucent doors, kanganoth's ghost, novice DEHu
D:10 Snorg


Innate Abilities, Weirdness & Mutations

You are immune to sickness and miasma.
You are immune to poison.
Your flesh is very heat resistant. (rF++)
You are vulnerable to cold. (rC-)
You float through the air rather than walking.
You learn spells naturally, not from books.
Your magical power is your life essence.
You have superior vitality. (+4 MHP)


Message History

Aiming: Freezing Cloud (dangerous; 1% risk of failure)
Press: ? - help, Dir - move target Snorg is engulfed in freezing vapours.
Casting: Freezing Cloud (dangerous; 1% risk of failure)
Confirm with . or Enter, or press ? or * to list all spells.
You can't see any susceptible monsters within range! (Use Z to cast anyway.)
Casting: Freezing Cloud (dangerous; 1% risk of failure)
Confirm with . or Enter, or press ? or * to list all spells.
You don't know that spell.
Casting: Freezing Cloud (dangerous; 1% risk of failure)
Confirm with . or Enter, or press ? or * to list all spells.
You can't see any susceptible monsters within range! (Use Z to cast anyway.)
Found 6 stones.
Snorg is engulfed in freezing vapours.
You see here a ring of protection from fire.
I - a ring of protection from fire Snorg is engulfed in freezing vapours.
Snorg bites your wolf! Snorg claws your wolf. Snorg barely misses your wolf.
Your wolf bites Snorg!
Casting: Freezing Cloud (dangerous; 1% risk of failure)
Confirm with . or Enter, or press ? or * to list all spells.
Flames lash Snorg.
Snorg is heavily wounded.
Snorg's fire resistance burns away.
Your wolf barely misses Snorg.
Snorg is engulfed in freezing vapours.
Snorg barely misses your wolf. Snorg claws your wolf! x2
Your wolf dies!
Your wolf's corpse disappears in a puff of smoke!
Casting: Scorch (safe; 1% risk of failure)
Confirm with . or Enter, or press ? or * to list all spells.
Snorg is engulfed in freezing vapours.
Snorg goes berserk!
Snorg is engulfed in freezing vapours.
Casting: Call Canine Familiar (safe; 1% risk of failure)
Confirm with . or Enter, or press ? or * to list all spells.
You feel quick. Snorg closely misses you. Snorg claws you. Snorg claws you!
Snorg is no longer more vulnerable to fire.
Snorg bites you. Snorg claws you. Snorg claws you!
* * * LOW HITPOINT WARNING * * *
Snorg attacks as you move away! Snorg bites you!
* * * LOW HITPOINT WARNING * * *
Snorg claws you!
You die...

#.).### .......# #<###
#......# ..## #......#
...##### #......# ........
#......# ...##### #...§§○#
....######### #...§§§##
............#####h..§§§§.#
###########.....@T........
# ##############.. # . #
#####


You could see Snorg (berserk, ally target) and a friendly warg (summoned).

Vanquished Creatures
  A centaur warrior (D:8)
  A two-headed ogre (D:10)
  A gargoyle (D:6)
  Psyche (D:8)
  A hornet (D:8)
  Prince Ribbit (D:5)
  Sigmund (D:5)
  5 yaks
  A vampire (D:10)
  Eustachio (D:5)
  A wyvern (D:7)
  A steam dragon (D:9)
  Menkaure (D:5)
  Duvessa (D:6)
  A water moccasin (D:8)
  An orc warrior (D:5)
  2 sky beasts (D:7)
  2 wolves (D:8)
  An ogre (D:7)
  3 centaurs
  4 phantoms
  2 kobold brigands
  3 bullfrogs
  2 gnoll sergeants
  3 scorpions
  10 wights (D:8)
  12 killer bees (D:9)
  An electric eel (D:8)
  2 howler monkeys
  4 jellies
  2 orc priests
  4 hounds
  3 iguanas
  2 sleepcaps
  4 orc wizards
  10 adders
  5 gnolls
  3 shadow imps (D:7)
  A white imp (D:6)
  An ufetubus (D:5)
  5 worms
  2 dart slugs
  13 orcs
  8 ball pythons
  8 bats
  4 endoplasms
  6 giant cockroaches
  6 goblins
  6 hobgoblins
  7 jackals
  3 quokkas
  3 frilled lizards
  10 kobolds
  2 rats (D:1)
189 creatures vanquished.

Vanquished Creatures (collateral kills)
  A kobold demonologist (D:10)
  5 yaks
  Grum (D:8)
  2 orc warriors
  Dowan (D:6)
  An orc (D:10)
11 creatures vanquished.

Vanquished Creatures (others)
  383 foxfires
383 creatures vanquished.

Grand Total: 583 creatures vanquished

Notes
Turn   | Place    | Note
-------+----------+-------------------------------------------
     0 | D:1      | AncientFaroe the Djinni Fire Elementalist began the quest
                  | for the Orb.
     0 | D:1      | AncientFaroe set off with the following spells memorised:
                  | Foxfire, Scorch, Volatile Blastmotes, Inner Flame, Flame
                  | Wave.
     0 | D:1      | Reached XP level 1. HP: 15/15 MP: 0/0
    40 | D:1      | Reached XP level 2. HP: 10/21 MP: 0/0
   626 | D:1      | Reached skill level 3 in Spellcasting
   771 | D:1      | Reached XP level 3. HP: 21/25 MP: 0/0
   771 | D:1      | Learned a level 1 spell: Apportation
  1404 | D:2      | Reached XP level 4. HP: 28/31 MP: 0/0
  1913 | D:2      | Reached XP level 5. HP: 30/35 MP: 0/0
  1913 | D:2      | Learned a level 2 spell: Passwall
  2213 | D:3      | Reached skill level 4 in Spellcasting
  2652 | D:3      | Reached XP level 6. HP: 36/40 MP: 0/0
  2856 | D:3      | Found a hide-covered altar of Uskayaw.
  3094 | D:4      | Reached skill level 5 in Spellcasting
  3102 | D:4      | Reached XP level 7. HP: 28/45 MP: 0/0
  3102 | D:4      | Learned a level 3 spell: Swiftness
  3873 | D:4      | Found a snail-covered altar of Cheibriados.
  4048 | D:5      | Entered Level 5 of the Dungeon
  4048 | D:5      | Noticed Menkaure
  4054 | D:5      | Killed Menkaure
  4055 | D:5      | Reached skill level 6 in Spellcasting
  4212 | D:5      | Found a hazy altar of Hepliaklqana.
  4250 | D:5      | Reached XP level 8. HP: 29/50 MP: 0/0
  4402 | D:5      | Noticed Prince Ribbit
  4412 | D:5      | Killed Prince Ribbit
  4413 | D:5      | Reached skill level 7 in Spellcasting
  4526 | D:5      | Found a glowing silver altar of Zin.
  4762 | D:5      | You are sucked into a shaft and drop 3 floors!
  4795 | D:8      | Reached XP level 9. HP: 40/55 MP: 0/0
  4795 | D:8      | Learned a level 3 spell: Call Canine Familiar
  4858 | D:8      | Noticed Grum
  4864 | D:8      | Noticed a hornet
  4865 | D:8      | Killed Grum
  4866 | D:8      | Reached skill level 8 in Spellcasting
  4871 | D:8      | Killed a hornet
  5003 | D:8      | Found a broken altar of Ashenzari.
  5055 | D:6      | Found a burning altar of Makhleb.
  5089 | D:6      | Noticed Dowan
  5166 | D:6      | Found a shimmering altar of Xom.
  5195 | D:6      | Reached skill level 9 in Spellcasting
  5347 | D:6      | Found an opulent altar of Gozag.
  5430 | D:5      | Noticed Eustachio
  5439 | D:5      | Killed Eustachio
  5455 | D:5      | Noticed Sigmund
  5460 | D:5      | Killed Sigmund
  5506 | D:5      | Reached XP level 10. HP: 36/60 MP: 0/0
  5742 | D:6      | Killed Dowan
  5743 | D:6      | Noticed Duvessa
  5744 | D:6      | Noticed a gargoyle
  5749 | D:6      | Killed Duvessa
  5750 | D:6      | Reached skill level 10 in Spellcasting
  5895 | D:6      | Killed a gargoyle
  6100 | D:6      | Found a staircase to the Ecumenical Temple.
  6118 | Temple   | Entered the Ecumenical Temple
  6194 | D:6      | Became a worshipper of Makhleb the Destroyer
  6338 | D:7      | Found a runed translucent gate.
  6338 | D:7      | Found a runed translucent gate.
  6338 | D:7      | Found a runed translucent gate.
  6339 | D:7      | Noticed kanganoth's ghost (novice DEHu)
  7207 | D:8      | Noticed a centaur warrior
  7210 | D:8      | Killed a centaur warrior
  7211 | D:8      | Reached skill level 11 in Spellcasting
  7212 | D:8      | Noticed Psyche
  7213 | D:8      | Paralysed by Psyche for 4 turns
  7219 | D:8      | Killed Psyche
  7602 | D:8      | Reached skill level 1 in Fighting
  8077 | D:9      | Reached XP level 11. HP: 33/67 MP: 0/0
  8077 | D:9      | Learned a level 5 spell: Freezing Cloud
  8410 | D:9      | Reached skill level 12 in Spellcasting
  8501 | D:9      | Noticed a death yak
  8502 | D:9      | Noticed a death yak
  8983 | D:9      | Noticed a death yak
  8988 | D:9      | Noticed a death yak
  9189 | D:10     | Entered Level 10 of the Dungeon
  9189 | D:10     | Found a stormy altar of Qazlal.
  9461 | D:10     | Reached * piety under Makhleb
  9527 | D:10     | Noticed a two-headed ogre
  9537 | D:10     | Killed a two-headed ogre
  9538 | D:10     | Reached skill level 13 in Spellcasting
  9668 | D:10     | Noticed Snorg
  9678 | D:10     | Slain by Snorg

Illustrated notes

Levels and vault maps discovered:
D:1:      dpeg_arrival_orchard, layout_basic, hangedman_decor_riveting
D:2:      layout_basic
D:3:      layout_basic, nicolae_uskayaw_murder_on_the_dancefloor,
          mainiacjoe_overflow_surrounded_room, kennysheep_nondescript,
          nicolae_concentric_dashed_squares_wild, serial_bayou_lagoon_a
D:4:      layout_loops_corners, kennysheep_little_box,
          minmay_fractal_squares_diagonal_5
D:5:      layout_gridville, nicolae_hepliaklqana_hippocampus,
          lemuel_coloured_pillars_altar, grunt_ministairs_8,
          kennysheep_generic_room_7, uniq_eustachio, uniq_sigmund,
          uniq_menkaure, uniq_prince_ribbit1
D:6:      layout_cave_pools, mainiacjoe_overflow_catwalk, lemuel_doored_altar,
          makhleb_heckhound_becter, minmay_overflow_temple_star_hex,
          minmay_temple_entry_slanted, minmay_manual_moon, uniq_duvessa
D:7:      layout_basic, pf_just_have_faith, gammafunk_ghost_necromancy,
          amcnicky_mini_pool_small
D:8:      nicolae_BIG_FREAKIN_CUBE, layout_loops_ring, ashenzari_altar_1,
          minivault_14, uniq_psyche, uniq_grum
D:9:      layout_cave_pools, dpeg_lair_monsters
D:10:     layout_rooms, nicolae_qazlal_scattered_showers, uniq_snorg
Temple:   hellmonk_temple_micro_hex

Skill      XL: |  1  2  3  4  5  6  7  8  9 10 11 |
---------------+----------------------------------+-----
Spellcasting   | 3 4 5 6 7 9 11 13 | 13.0
Dodging        | 3 |  3.8
Stealth        | 2 3 |  3.7
Fighting       | 1 |  1.6

Action                     |  1- 3 |  4- 6 |  7- 9 | 10-12 || total
---------------------------+-------+-------+-------+-------++-------
  Melee: Unarmed           |       |       |       |     1 ||     1
   Cast: Foxfire           |    66 |    52 |    54 |    81 ||   253
         Scorch            |     8 |    32 |    62 |    78 ||   180
         Inner Flame       |     3 |     4 |     7 |     5 ||    19
         Flame Wave        |       |       |     3 |     7 ||    10
         Volatile Blastmot |       |       |     2 |     1 ||     3
         Call Canine Famil |       |       |     1 |    14 ||    15
         Swiftness         |       |       |       |     7 ||     7
         Freezing Cloud    |       |       |       |    10 ||    10
    Use: Scroll            |       |     4 |     4 |     8 ||    16
         Potion            |       |       |       |     2 ||     2
 Armour: Robe              |     5 |     3 |     5 |    16 ||    29
  Dodge: Dodged            |    12 |     4 |    19 |    29 ||    64
